 Dungeon Crawl Stone Soup version 0.32-a0-391-gce5c0aa (webtiles) character file.

Game seed: 17026080446241578303

5037 Dorkslayer the Basher (level 10, -13/84 HPs)
             Began as a Mountain Dwarf Fighter on Feb 19, 2024.
             Was an Initiate of Gozag.
             Killed from afar by a steam dragon (14 damage)
             ... with a ball of steam
             ... on level 8 of the Dungeon.
             The game lasted 00:28:30 (5760 turns).

Dorkslayer the Basher (Mountain Dwarf Fighter)      Turns: 5760, Time: 00:28:30

Health: -13/84     AC: 16    Str: 22    XL:     10   Next: 30%
Magic:  10/10      EV:  5    Int:  8    God:    Gozag
Gold:   488        SH:  0    Dex: 11    Spells: 9/9 levels left

rFire   . . .        g - +2 broad axe (freeze)
rCold   . . .        c - +0 buckler
rNeg    . . .        A - +0 chain mail
rPois   .            B - +0 helmet
rElec   .            i - +0 cloak
rCorr   .            (no gloves)
SInv    .            z - +2 pair of boots {Fly}
Will    +....        (no amulet) Stlth
                     e - ring of flight
HPRegen 0.34/turn    (no ring)
MPRegen 0.12/turn

%: no passive effects
@: marked, flying, held, studying 2 skills, invisible
A: runic magic, artefact enchanting
a: Renounce Religion, Potion Petition, Call Merchant, Bribe Branch


You were on level 8 of the Dungeon.
You worshipped Gozag.
Gozag was aware of your devotion.
You visited 2 branches of the dungeon, and saw 9 of its levels.
You also visited: Sewer.

You collected 1633 gold pieces.
You spent 1040 gold pieces at shops.
You paid 105 gold pieces to Gozag.

Inventory:

Hand Weapons
 a - a +1 war axe
 d - the +6 flail "Iteuruaf" {spect, Int+3}
   (You found it on level 2 of the Dungeon)

   Int+3:     It affects your intelligence (+3).
 g - a +2 broad axe of freezing (weapon)
 l - the +6 shillelagh "Devastator" {shatter}
   (You found it on level 4 of the Dungeon)
Missiles
 b - 5 boomerangs
 y - a throwing net (quivered)
 D - 2 javelins
Armour
 c - a +0 buckler (worn)
 i - a +0 cloak (worn)
 z - a +2 pair of boots of flying (worn)
 A - a +0 chain mail (worn)
 B - a +0 helmet (worn)
Jewellery
 e - a ring of flight (left hand)
Wands
 f - a wand of light (10)
Scrolls
 h - 4 scrolls of teleportation
 j - a scroll of enchant weapon
 n - 3 scrolls of summoning {unknown}
 q - 2 scrolls of revelation {unknown}
 t - 2 scrolls of blinking {unknown}
 v - a scroll of amnesia {unknown}
 C - 2 scrolls of fog {unknown}
Potions
 k - 3 potions of mutation
 m - 2 potions of enlightenment
 o - 2 potions of ambrosia
 p - a potion of brilliance
 r - a potion of might
 u - a potion of experience {unknown}
 w - 3 potions of curing
 x - a potion of lignification {unknown}


   Skills:
 * Level 6.4 Fighting
 + Level 6.0(8.1) Axes
 + Level 8.5(9.4) Maces & Flails
 + Level 7.3 Armour
 * Level 4.6 Dodging
 + Level 1.3 Stealth
 * Level 7.9 Shields
 * Level 6.1 Evocations


You had 9 spell levels left.
You didn't know any spells.
Your spell library contained the following spells:

 Spells                   Type           Power      Damage    Failure   Level
 Summon Ice Beast         Ice/Summ       0%         N/A       93%         3
 Summon Mana Viper        Hex/Summ       0%         N/A       100%        5
 Conjure Ball Lightning   Conj/Air       0%         3x3d6     100%        6
 Monstrous Menagerie      Summ           0%         N/A       100%        7
 Discord                  Hex            0%         N/A       100%        8
 Disjunction              Tloc           0%         N/A       100%        8


Dungeon Overview and Level Annotations

Branches:
Dungeon (8/15)             Temple (1/1) D:6           Sewer (visited)
   Lair: D:8-11

Altars:
Ashenzari
Cheibriados
Dithmenos
Elyvilon
Fedhas
Gozag
Hepliaklqana
Kikubaaqudgha
Makhleb
Nemelex Xobeh
Okawaru
Qazlal
Sif Muna
Trog
Uskayaw
Wu Jian
Xom
The Shining One

Shops:
D:6 [   D:7 :


Innate Abilities, Weirdness & Mutations

Your spellcasting is much less encumbered by armour.
You can use scrolls of enchantment on lesser artefacts.


Message History

The two-headed ogre barely misses you.
The orc wizard gestures wildly while chanting.
The orc wizard flickers and vanishes!
Deactivating autopickup; reactivate with Ctrl-A.
You block the steam dragon's attack. The steam dragon closely misses you.
You slash the two-headed ogre! You freeze the two-headed ogre!
The two-headed ogre is heavily wounded.
You slash the steam dragon! You freeze the steam dragon.
You barely miss the two-headed ogre.
The two-headed ogre hits you with a +0 giant club!!
The two-headed ogre hits you with a +0 giant spiked club.
* * * LOW HITPOINT WARNING * * *
A gnoll comes into view.
It is wielding a +0 spear and quivering a throwing net.
An orc comes into view. It is wielding a +0 hand axe.
The steam dragon barely misses you.
The steam dragon claws you but does no damage.
You hit the two-headed ogre. You freeze the two-headed ogre.
The two-headed ogre is almost dead.
You hit the two-headed ogre. You freeze the two-headed ogre.
You hit the steam dragon but do no damage.
The two-headed ogre closely misses you. The two-headed ogre barely misses you.
The steam dragon barely misses you.
The steam dragon claws you but does no damage.
The two-headed ogre hits you with a +0 giant club!
* * * LOW HITPOINT WARNING * * *
The two-headed ogre hits you with a +0 giant spiked club!
* * * LOW HITPOINT WARNING * * *
Okay, then.
You fade into invisibility!
You block the two-headed ogre's attack.
The two-headed ogre hits you with a +0 giant spiked club.
* * * LOW HITPOINT WARNING * * *
A gnoll comes into view.
It is wielding a +2 flail of protection.
The gnoll throws a throwing net.
The throwing net barely misses the two-headed ogre.
The throwing net hits you.
You become entangled in the net!
The steam dragon breathes steam at you. The ball of steam hits you!
You die...
Your body crumbles into a pile of gold.

#.# #.# #.##
#..# #..#
######
#..#####.....#
#....#........
#.............
##@O..........
##DO..........
##oo...<.......
#.o...........#
#.c###.).....##
#..# ##g.....#
#o.# #......#
.g.# #........
..# .........


You could see 2 two-headed ogres, a steam dragon (unable to see you, catching
breath), an orc warrior (unable to see you), a centaur (unable to see you), 2
gnolls and 3 orcs.

Vanquished Creatures
  A two-headed ogre (D:8)
  Maggie (D:7)
  Prince Ribbit (D:7)
  Sigmund (D:2)
  A yak (D:7)
  4 vampire mosquitoes (D:6)
  Menkaure (D:6)
  2 water moccasins
  A sky beast (D:6)
  An ice beast (D:6)
  A black bear (D:3)
  The ghost of Caerwyn the Chopper, an amateur MDFi (D:3)
  7 ogres
  5 phantoms
  3 bullfrogs
  2 scorpions
  5 wights (D:7)
  A howler monkey (D:5)
  2 bombardier beetles
  5 hounds
  An orc priest (D:7)
  2 jellies (D:5)
  A sleepcap (D:7)
  An iguana (D:5)
  3 orc wizards
  17 adders
  4 gnolls (D:3)
  5 river rats
  2 white imps
  2 dart slugs
  2 ribbon worms
  12 orcs
  9 endoplasms
  2 giant cockroaches
  9 goblins
  7 hobgoblins
  3 jackals (D:4)
  2 quokkas (D:1)
  22 ball pythons
  2 bats (D:1)
  5 frilled lizards
  5 kobolds
  26 rats
190 creatures vanquished.

Vanquished Creatures (others)
  A ball python (D:4)
1 creature vanquished.

Grand Total: 191 creatures vanquished

Notes
Turn   | Place    | Note
-------+----------+-------------------------------------------
     0 | D:1      | Dorkslayer the Mountain Dwarf Fighter began the quest for
                  | the Orb.
     0 | D:1      | Reached XP level 1. HP: 19/19 MP: 1/1
   179 | D:1      | Reached XP level 2. HP: 19/26 MP: 2/2
   226 | D:1      | Upgraded the game from 0.32-a0-385-g709d21d to
                  | 0.32-a0-391-gce5c0aa
   348 | D:1      | Reached XP level 3. HP: 33/33 MP: 3/3
   827 | D:2      | Noticed Sigmund
   840 | D:2      | Killed Sigmund
   841 | D:2      | Reached skill level 1 in Dodging
   841 | D:2      | Reached XP level 4. HP: 33/40 MP: 4/4
   841 | D:2      | Reached XP level 5. HP: 39/46 MP: 5/5
   989 | D:2      | Identified the +6 flail "Iteuruaf" {spect, Int+3}
  1219 | D:2      | Found a faded altar of an unknown god.
  1259 | D:2      | Reached skill level 5 in Axes
  1618 | D:3      | Reached XP level 6. HP: 22/52 MP: 6/6
  1824 | D:3      | Found a stormy altar of Qazlal.
  1932 | D:3      | Found a hazy altar of Hepliaklqana.
  2093 | D:3      | Reached skill level 1 in Maces & Flails
  2298 | D:3      | Found a runed translucent door.
  2303 | D:3      | Reached skill level 1 in Evocations
  2310 | D:3      | Noticed Caerwyn's ghost (amateur MDFi)
  2320 | D:3      | Killed Caerwyn's ghost
  2321 | D:3      | Reached skill level 2 in Maces & Flails
  2321 | D:3      | Reached XP level 7. HP: 55/59 MP: 7/7
  2621 | D:4      | Reached skill level 3 in Maces & Flails
  2753 | D:4      | Reached skill level 4 in Maces & Flails
  2759 | D:4      | Reached skill level 5 in Armour
  2759 | D:4      | Reached XP level 8. HP: 40/67 MP: 8/8
  2766 | D:4      | Found the +6 shillelagh "Devastator" {shatter}
  2816 | D:4      | You are sucked into a shaft and drop 1 floor!
  2816 | D:5      | Entered Level 5 of the Dungeon
  2828 | D:5      | Reached skill level 5 in Maces & Flails
  2854 | D:5      | Identified a scroll of acquirement
  2854 | D:5      | Acquired a manual of Shields
  2945 | D:4      | Found a glowing drain.
  2961 | D:4      | Reached skill level 6 in Maces & Flails
  2963 | Sewer    | Entered a sewer
  3183 | Sewer    | Reached skill level 1 in Stealth
  3306 | Sewer    | Reached skill level 5 in Fighting
  3306 | Sewer    | Reached skill level 5 in Shields
  3655 | D:5      | Reached XP level 9. HP: 65/74 MP: 9/9
  3707 | D:5      | Reached skill level 7 in Maces & Flails
  3901 | D:6      | Reached skill level 5 in Evocations
  4030 | D:6      | Found a staircase to the Ecumenical Temple.
  4036 | Temple   | Entered the Ecumenical Temple
  4058 | Temple   | Became a worshipper of Gozag Ym Sagoz the Greedy
  4309 | D:6      | Reached skill level 8 in Maces & Flails
  4390 | D:6      | Found an iron altar of Okawaru.
  4580 | D:6      | Found Deuterig's Armour Boutique.
  4659 | D:6      | Found a shimmering blue altar of Sif Muna.
  4711 | D:6      | Noticed Menkaure
  4718 | D:6      | Killed Menkaure
  5308 | D:7      | Noticed Maggie
  5316 | D:7      | Killed Maggie
  5404 | D:7      | Reached XP level 10. HP: 68/83 MP: 10/10
  5431 | D:7      | Noticed Prince Ribbit
  5452 | D:7      | Killed Prince Ribbit
  5569 | D:7      | Acquired 999 gold pieces
  5621 | D:7      | Found Atim's Book Shop.
  5629 | D:7      | Bought a manual of Fighting for 1040 gold pieces
  5723 | D:8      | Noticed a two-headed ogre
  5729 | D:8      | Killed a two-headed ogre
  5751 | D:8      | Noticed a two-headed ogre
  5752 | D:8      | Noticed a two-headed ogre
  5760 | D:8      | HP: 1/84 [two-headed ogre/+0 giant club (4)]
  5760 | D:8      | Killed from afar by a steam dragon

Illustrated notes

Levels and vault maps discovered:
D:1:      dpeg_arrival_chambers_temple_mockup, layout_basic
D:2:      layout_loops_corners, ebering_ecumenical_altar_box, st_stairs_4,
          uniq_sigmund
D:3:      layout_basic, nzn_hepliaklqana_mist_gate,
          mainiacjoe_overflow_brackets, ebering_ghost_reflecting_pool,
          roderic_serpentine_path, minmay_fountain_box
D:4:      kennysheep_big_flooded_room, layout_rooms, portal_sewer_entry_a,
          dilly_guarded_unrand_devastator
D:5:      layout_rooms
D:6:      layout_basic, marbit_many_paths, lemuel_coloured_pillars_altar,
          minmay_temple_entry_hall, serial_shops, shop_fountains, uniq_menkaure
D:7:      layout_loops_ring, serial_shops,
          nicolae_shop_competitors_out_of_business,
          kennysheep_opposing_triangles, uniq_prince_ribbit1, uniq_maggie
D:8:      layout_layer_cave, uniq_pikel
Temple:   dpeg_chambers_temple

Skill      XL: |  1  2  3  4  5  6  7  8  9 10 |
---------------+-------------------------------+-----
Fighting       | 4 5 6 |  6.4
Axes           | 4 5 6 |  6.0
Armour         | 4 5 7 |  7.3
Dodging        | 1 2 3 4 |  4.6
Maces & Flails | 2 4 6 8 |  8.5
Shields        | 4 5 7 |  7.9
Evocations     | 1 3 4 5 6 |  6.1
Stealth        | 1 |  1.3

Action                     |  1- 3 |  4- 6 |  7- 9 | 10-12 || total
---------------------------+-------+-------+-------+-------++-------
  Melee: War axe           |    72 |    20 |       |       ||    92
         Flail             |       |    54 |   139 |       ||   193
         Shillelagh        |       |       |    88 |       ||    88
         Broad axe         |       |       |     5 |    45 ||    50
  Throw: Throwing net      |       |       |       |     1 ||     1
  Evoke: Wand              |       |     2 |     4 |     3 ||     9
    Use: Scroll            |     3 |     3 |    10 |     1 ||    17
         Potion            |     1 |       |     4 |     1 ||     6
   Stab: Invisible         |       |       |     3 |     1 ||     4
         Distracted        |       |       |       |     1 ||     1
 Armour: Scale mail        |    62 |    44 |   172 |       ||   278
         Chain mail        |       |       |    10 |    37 ||    47
  Dodge: Dodged            |    38 |    27 |   151 |    17 ||   233
  Block: Buckler           |    10 |    17 |    52 |    18 ||    97

Table legend: (Time is in decaauts)
 A = Elapsed time spent in this place.
 B = Non-inter-level travel time spent in this place.
 C = Inter-level travel time spent in this place.
 D = Time resting spent in this place.
 E = Time spent auto-exploring this place.
 F = Levels seen in this place.
 G = Mean time per level.
                   A        B        C        D        E       F      G
               +--------+--------+--------+--------+--------+-----+--------+
         Total |   5824 |   5824 |      0 |    279 |   2376 |  10 |  582.4 |
       Dungeon |   5405 |   5405 |      0 |    123 |   2376 |   8 |  675.6 |
        Temple |     43 |     43 |      0 |      0 |      0 |   1 |   43.0 |
         Sewer |    375 |    375 |      0 |    156 |      0 |   1 |  375.0 |
               +--------+--------+--------+--------+--------+-----+--------+

Top non-repeatable levels by time:
     D:6: 1047 daAuts
     D:3: 988 daAuts
     D:2: 844 daAuts
     D:1: 799 daAuts
     D:7: 762 daAuts
     D:4: 524 daAuts
     D:5: 400 daAuts
   Sewer: 375 daAuts
  Temple: 43 daAuts
     D:8: 38 daAuts
